 Dungeon Crawl Stone Soup version 0.26.1 (webtiles) character file.

Game seed: 3533815960037410504

903 windgrace the Skirmisher (level 7, 0/55 HPs)
             Began as a Demonspawn Abyssal Knight on Feb 7, 2021.
             Was a Priest of Lugonu.
             Slain by a killer bee (4 damage)
             ... on level 5 of the Dungeon.
             The game lasted 00:47:49 (5720 turns).

windgrace the Skirmisher (DsAK)                     Turns: 5720, Time: 00:47:50

Health: 0/55       AC: 11    Str: 13    XL:     7   Next: 80%
Magic:  0/8        EV:  1    Int: 14    God:    Lugonu [***...]
Gold:   152        SH:  8    Dex: 13    Spells: 6/6 levels left

rFire    . . .     SeeInvis +   j - +2 dagger (venom)
rCold    . . .     Faith    .   k - +0 kite shield
rNeg     . . .     Spirit   +   K - +0 plate armour
rPois    .         Reflect  .   (no helmet)
rElec    .         Harm     .   (no cloak)
rCorr    .         Rampage  .   (no gloves)
Will     .....                  (no boots)
Stlth    ..........             y - amulet of the acrobat
HPRegen  0.18/turn              C - ring of see invisible
MPRegen  0.22/turn              (no ring)

@: mighty, brilliant, lethally poisoned (0 -> -11)
A: talons 2, magic shield, magic regeneration
a: Renounce Religion, Depart the Abyss, Bend Space, Banish


You were on level 5 of the Dungeon.
You worshipped Lugonu.
Lugonu was most pleased with you.
You visited 2 branches of the dungeon, and saw 6 of its levels.
You visited the Abyss 1 time.

You collected 152 gold pieces.

Inventory:

Hand Weapons
 a - a +1 spear
 i - a +0 mace
 j - a +2 dagger of venom (weapon)
 B - a -3 quarterstaff
 F - a +0 war axe
 G - a +0 spear
 P - a +0 trident
Missiles
 l - 39 arrows
 n - 8 poisoned darts (quivered)
 o - 201 stones
 u - 4 javelins
 D - 36 sling bullets
 N - 5 boomerangs
 O - 18 bolts
Armour
 b - a +0 leather armour
 k - a +0 kite shield (worn)
 s - a +0 leather armour
 x - a +0 buckler
 H - a +0 scale mail
 K - a +0 plate armour (worn)
Jewellery
 y - an amulet of the acrobat (around neck)
 C - a ring of see invisible (left hand)
Scrolls
 d - a scroll of amnesia
 g - 5 scrolls of remove curse
 p - a scroll of enchant weapon {unknown}
 t - 2 scrolls of noise
 v - a scroll of fog {unknown}
 z - a scroll of teleportation {unknown}
 A - 4 scrolls of identify {unknown}
 I - a scroll of fear {unknown}
 J - a scroll of blinking {unknown}
 M - a scroll of enchant armour {unknown}
Potions
 c - a potion of mutation {unknown}
 e - a potion of lignification
 f - a potion of degeneration {unknown}
 m - a potion of haste {unknown}
 q - a potion of attraction {unknown}
 r - a potion of curing {unknown}
 w - a potion of brilliance
 E - a potion of flight
 L - a potion of ambrosia {unknown}
 Q - a potion of heal wounds {unknown}


   Skills:
 + Level 4.4 Fighting
 + Level 2.7 Short Blades
 + Level 2.1 Polearms
 + Level 3.6 Throwing
 + Level 4.0 Armour
 + Level 1.9 Dodging
 + Level 1.4 Stealth
 + Level 2.8 Shields
 + Level 2.6 Invocations


You had 6 spell levels left.
You didn't know any spells.
Your spell library was empty.

Dungeon Overview and Level Annotations

Branches:
Dungeon (5/15)             Temple (1/1) D:4

Altars:
Ashenzari
Cheibriados
Dithmenos
Elyvilon
Gozag
Hepliaklqana
Kikubaaqudgha
Makhleb
Nemelex Xobeh
Okawaru
Qazlal
Ru
Sif Muna
Trog
Uskayaw
Vehumet
Wu Jian
Xom
Yredelemnul
Zin
The Shining One

Annotations:
D:5 3 runed translucent doors, 0HN0ES's ghost, novice OpTm; Gadfly's ghost, weakling PaDe; Sonofthefire's ghost, weakling OpDe; belegose's ghost, novice DrIE; rifles's ghost, novice HOFi


Innate Abilities, Weirdness & Mutations

You have razor-sharp toenails.
When hurt, damage is shared between your health and your magic reserves.
You regenerate magic rapidly.


Message History

The killer bee stings you but does no damage.
You puncture the ogre!
The ogre looks as sick as possible!
You claw the ogre!
The ogre is severely wounded.
* * * LOW HITPOINT WARNING * * *
You feel sick. You block the killer bee's attack.
The killer bee stings you but does no damage.
You block the ogre's attack.
You hit the ogre.
The ogre looks as sick as possible!
You claw the ogre.
You kill the ogre!
Lugonu accepts your kill.
* * * LOW HITPOINT WARNING * * *
You feel sick. The killer bee stings you.
* * * LOW HITPOINT WARNING * * *
You block the killer bee's attack.
Your Armour skill increases to level 4!
It was a potion of brilliance.
You feel clever all of a sudden.
* * * LOW HITPOINT WARNING * * *
You feel sick. The killer bee completely misses you. The killer bee stings you.
You die...

#. ###### ##.######## ####....#
#.........# ........#
#.....@5..#
........###.....y)..# #
#.................Y.# .#
.....#####..........########.##
.........#.....................
#...###.##..........#..........
##..###.##.#..#....<#..........
...............................
...####.##.#..#.#.....#.####.#.


You could see an ice beast, a killer bee and a white imp.

Vanquished Creatures
  An ice beast (D:5)
  5 ogres
  A scorpion (D:5)
  2 killer bees (D:5)
  A jelly (D:4)
  2 worker ants (D:4)
  5 adders (D:2)
  An ufetubus (D:5)
  2 oozes
  5 worms
  2 dart slugs (D:2)
  6 leopard geckos
  8 orcs
  A ball python (D:5)
  4 giant cockroaches
  10 goblins
  4 hobgoblins
  3 jackals (D:3)
  3 quokkas (D:2)
  9 bats
  4 frilled lizards
  10 kobolds
  11 rats
100 creatures vanquished.

Notes
Turn   | Place    | Note
-------+----------+-------------------------------------------
     0 | Abyss:1  | windgrace the Demonspawn Abyssal Knight began the quest for
                  | the Orb.
     0 | Abyss:1  | Reached XP level 1. HP: 18/18 MP: 2/2
    30 | Abyss:1  | Noticed a tentacled starspawn
    31 | Abyss:1  | Noticed an iron imp
    36 | D:1      | Escaped the Abyss
   201 | D:1      | Reached * piety under Lugonu
   208 | D:1      | Gained mutation: When hurt, damage is shared between your
                  | health and your magic reserves. [demonic ancestry]
   208 | D:1      | Reached XP level 2. HP: 15/24 MP: 3/3
   529 | D:1      | Reached skill level 1 in Dodging
  1357 | D:2      | Gained mutation: You have sharp toenails. [demonic
                  | ancestry]
  1357 | D:2      | Reached XP level 3. HP: 14/30 MP: 4/4
  2364 | D:2      | Gained mutation: You regenerate magic rapidly. [demonic
                  | ancestry]
  2364 | D:2      | Reached XP level 4. HP: 37/37 MP: 5/5
  2428 | D:2      | Reached ** piety under Lugonu
  2429 | D:2      | Reached skill level 1 in Throwing
  2823 | D:2      | Reached skill level 1 in Shields
  3850 | D:3      | Reached XP level 5. HP: 42/42 MP: 6/6
  3891 | D:3      | Reached skill level 1 in Short Blades
  4205 | D:4      | Noticed an ogre
  4212 | D:4      | Killed an ogre
  4213 | D:4      | Reached skill level 1 in Stealth
  4303 | D:4      | Found a hazy altar of Hepliaklqana.
  4303 | D:4      | Found a faded altar of an unknown god.
  4311 | D:4      | Found a shimmering blue altar of Sif Muna.
  4313 | D:4      | Found a shimmering altar of Xom.
  4315 | D:4      | Found a faded altar of an unknown god.
  4413 | D:4      | Found a staircase to the Ecumenical Temple.
  4424 | Temple   | Entered the Ecumenical Temple
  4605 | D:4      | Noticed an ogre
  4615 | D:4      | Killed an ogre
  4615 | D:4      | Reached *** piety under Lugonu
  4616 | D:4      | Gained mutation: You have razor-sharp toenails. [demonic
                  | ancestry]
  4616 | D:4      | Reached XP level 6. HP: 28/48 MP: 3/7
  5213 | D:4      | You fall into a shaft and drop 1 floor!
  5213 | D:5      | Entered Level 5 of the Dungeon
  5213 | D:5      | Found a runed translucent gate.
  5213 | D:5      | Found a runed translucent gate.
  5213 | D:5      | Found a runed translucent gate.
  5213 | D:5      | Noticed Gadfly's ghost (weakling PaDe)
  5213 | D:5      | Noticed belegose's ghost (novice DrIE)
  5213 | D:5      | Noticed Sonofthefire's ghost (weakling OpDe)
  5214 | D:5      | Noticed 0HN0ES's ghost (novice OpTm)
  5214 | D:5      | Noticed rifles's ghost (novice HOFi)
  5236 | D:5      | Reached XP level 7. HP: 6/54 MP: 1/8
  5720 | D:5      | Slain by a killer bee

Illustrated notes

Levels and vault maps discovered:
D:1:      dpeg_arrival_shelter, layout_basic, minmay_misc_feat_secret_circle,
          amcnicky_mini_rare_corridor_liquid, minmay_close_crescents
D:2:      minmay_razor_zed, layout_loops_ring, minmay_misc_feat_five
D:3:      layout_loops_corners, amethyst_killhole
D:4:      layout_basic, chequers_temple_overflow_minitemple,
          minmay_temple_entry_butterflies, uniq_edmund
D:5:      layout_basic, gammafunk_ghost_cemetery,
          nicolae_ossuary_entry_monument, chequers_serial_rivers_small_a
Temple:   regret_index_temple_mists

Skill      XL: |  1  2  3  4  5  6  7 |
---------------+----------------------+-----
Dodging        | 1 |  1.9
Polearms       | 2 |  2.1
Armour         | 2 3 4 |  4.0
Throwing       | 1 2 3 |  3.6
Fighting       | 4 |  4.4
Shields        | 1 2 |  2.8
Short Blades   | 1 2 |  2.7
Stealth        | 1 |  1.4
Invocations    | |  2.6

Action                   |  1- 3 |  4- 6 |  7- 9 || total
-------------------------+-------+-------+-------++-------
Melee: Dagger            |    86 |   145 |    32 ||   263
       Spear             |    24 |       |       ||    24
       Kick              |     9 |    30 |    10 ||    49
Throw: Dart              |    20 |    14 |     3 ||    37
       Stone             |    13 |       |       ||    13
       Javelin           |     8 |    16 |       ||    24
Invok: Depart the Abyss  |     1 |       |       ||     1
  Use: Scroll            |     2 |     1 |       ||     3
       Potion            |       |     2 |     3 ||     5
 Stab: Sleeping          |       |     1 |       ||     1
Armor: Leather armour    |    28 |    11 |       ||    39
       Plate armour      |       |    47 |    25 ||    72
       Skin              |       |     1 |       ||     1
Dodge: Dodged            |    37 |    29 |    10 ||    76
Block: Kite shield       |    28 |    57 |    16 ||   101
